 Dungeon Crawl Stone Soup version 0.31.0-12-g77e489cdc1 (webtiles) character file.

Game seed: 7371121871663964006

164 Gadfly the Ruffian (level 5, -1/34 HPs)
             Began as an Octopode Shapeshifter on Feb 23, 2024.
             Slain by an orc wizard
             ... wielding a +0 dagger
              (3 damage)
             ... on level 3 of the Dungeon.
             The game lasted 00:02:16 (1822 turns).

Gadfly the Ruffian (Octopode Shapeshifter)          Turns: 1822, Time: 00:02:17

Health: -1/34      AC:  1    Str: 13 (15) XL:     5   Next: 45%
Magic:  5/5        EV: 13    Int: 12 (13) God:
Gold:   111        SH:  0    Dex:  9 (11) Spells: 4/4 levels left

rFire   . .          .
                       - Unarmed
rCold   . . .        (no shield)
rNeg    + . .        (helmet currently unavailable)
rPois   .            (no amulet)
rElec   .            o - ring of resist corrosion
rCorr   +            s - ring of positive energy
SInv    .            (no ring)
Will    .....        (no ring)
Stlth   ++           (no ring)
HPRegen 0.25/turn    (no ring)
MPRegen 0.09/turn    (no ring)
                     (no ring)

%: no passive effects
@: beast-form
A: beast (slay +2), almost no armour, amphibious, 8 rings, camouflage 1,
gelatinous body 1, (nimble swimmer 1), tentacles, mutation resistance 1
a: Begin Untransformation


You were on level 3 of the Dungeon.
You were a hulking beast.
You visited 1 branch of the dungeon, and saw 3 of its levels.

You collected 111 gold pieces.

Inventory:

Hand Weapons
 e - a +3 falchion
 n - a +1 dagger of draining
Jewellery
 h - a ring of ice
 o - a ring of resist corrosion (left tentacle)
 s - a ring of positive energy (right tentacle)
Talismans
 b - a beast talisman
 c - a flux talisman
 j - a maw talisman
 q - a flux talisman
Scrolls
 g - 2 scrolls of teleportation
 l - a scroll of fog
 p - a scroll of enchant weapon
Potions
 a - a potion of lignification
 d - a potion of cancellation
 f - a potion of magic {unknown}
 i - 3 potions of mutation
 k - a potion of curing
 m - a potion of enlightenment


   Skills:
 + Level 2.2 Fighting
 + Level 2.8 Dodging
 + Level 1.8 Shields
 + Level 3.6 Unarmed Combat
 + Level 1.9 Evocations
 + Level 3.5 Shapeshifting


You had 4 spell levels left.
You didn't know any spells.
Your spell library contained the following spells:

 Spells                   Type           Power      Damage    Failure   Level
 Sting                    Conj/Alch      0%         1d3       32%         1
 Mercury Vapours          Alch/Air       0%         N/A       45%         2
 Hailstorm                Conj/Ice       0%         3d5       69%         3
 Summon Ice Beast         Ice/Summ       0%         N/A       69%         3
 Olgreb's Toxic Radiance  Alch           0%         N/A       97%         4
 Sculpt Simulacrum        Ice/Alch       0%         N/A       100%        6


Dungeon Overview and Level Annotations

Branches:
Dungeon (3/15)

Altars:
Xom

Annotations:
D:3 Robin


Innate Abilities, Weirdness & Mutations

You are a hulking beast.
Your limbs bulge with bestial killing power. (Slay +2)
You cannot wear most types of armour.
You are amphibious.
You can wear up to eight rings at the same time.
Your skin changes colour to match your surroundings (Stealth+).
Your rubbery body absorbs attacks. (AC +1, EV +1)
((You are camouflaged when in or above water. (Stealth+)))
You have tentacles for arms and can constrict up to eight enemies at once.
You are somewhat resistant to further mutation.


Message History

You are too injured to fight recklessly!
You are too injured to fight recklessly!
You are too injured to fight recklessly!
You are too injured to fight recklessly!
You are too injured to fight recklessly!
You are too injured to fight recklessly!
You are too injured to fight recklessly!
You are too injured to fight recklessly!
You are too injured to fight recklessly!
You are too injured to fight recklessly!
You are too injured to fight recklessly!
You are too injured to fight recklessly!
You are too injured to fight recklessly!
You are too injured to fight recklessly!
Unknown command.
The goblin closely misses you.
The goblin hits you with a +0 dagger. x2
The goblin closely misses you.
An orc comes into view. It is wielding a +0 club.
The goblin hits you with a +0 dagger.
The orc throws a stone.
The stone barely misses you.
The stone closely misses the goblin.
The goblin hits you with a +0 dagger.
* * * LOW HITPOINT WARNING * * *
Unknown command.
The orc shouts!
You tentacle-slap the goblin.
You kill the goblin!
You hear a shout!
The goblin barely misses you. x2
The orc wizard gestures wildly while chanting.
The orc wizard flickers and vanishes!
Deactivating autopickup; reactivate with Ctrl-A.
The orc throws a stone.
The stone hits you.
* * * LOW HITPOINT WARNING * * *
You hear a shout!
The quokka closely misses you. The goblin hits you with a +0 dagger.
* * * LOW HITPOINT WARNING * * *
The goblin hits you with a +0 dagger.
* * * LOW HITPOINT WARNING * * *
Something hits you.
You die...

#.#.#.$.g..#.......# #..)
#......#.###.......####.##
.....##g#g###...)...#....##
.........g#.##.))..####....
.....##.#....###)###.....#. ....
...###..>#...#..##.##. ##.#....#
##..#)).#..#.....
#.#.!..####.###'###.#.####
.......o{hgg.............. .[###
.........gr............### .....
#.#...o####.###...........
.....## +..o.. ...# #...........
.o....####....####.###.≈≈≈≈≈≈.≈≈.
.......................≈.......≈.
...o..# #..............≈.#####.≈.
...o^.# #.###.#.##.###.≈.....#.≈.
......###.###.#<#### #.≈.#._.#.≈)


You could see Robin, an orc priest, 2 orcs, a quokka and 2 goblins.

Vanquished Creatures
  A hound (D:2)
  An orc priest (D:3)
  3 gnolls (D:2)
  A dart slug (D:1)
  5 orcs (D:3)
  3 ball pythons (D:1)
  3 endoplasms
  6 giant cockroaches
  9 goblins
  4 hobgoblins
  9 jackals
  A quokka (D:1)
  2 bats
  2 frilled lizards (D:1)
  9 kobolds
  2 rats (D:2)
61 creatures vanquished.

Notes
Turn   | Place    | Note
-------+----------+-------------------------------------------
     0 | D:1      | Gadfly the Octopode Shapeshifter began the quest for the
                  | Orb.
     0 | D:1      | Reached XP level 1. HP: 13/13 MP: 1/1
   115 | D:1      | Reached XP level 2. HP: 15/18 MP: 2/2
   344 | D:1      | Reached XP level 3. HP: 23/23 MP: 3/3
   345 | D:1      | Reached skill level 1 in Evocations
   493 | D:1      | Gained mutation: You are somewhat resistant to further
                  | mutation. [potion of mutation]
   677 | D:2      | Reached skill level 1 in Shields
   677 | D:2      | Reached XP level 4. HP: 14/29 MP: 4/4
  1602 | D:3      | Reached XP level 5. HP: 26/34 MP: 5/5
  1641 | D:3      | Found a shimmering altar of Xom.
  1787 | D:3      | Noticed Robin
  1822 | D:3      | Slain by an orc wizard

Illustrated notes

Levels and vault maps discovered:
D:1:      reono_arrival_forest_river, layout_rooms, minmay_box_of_dots
D:2:      layout_loops_cross, serial_aquarium, aquarium_bridge_square
          [aquarium_subvault_window, aquarium_subvault_bridge,
          aquarium_subvault_wall, aquarium_subvault_wall],
          aquarium_window_corridor_2, aquarium_window_fake, aquarium_view_4,
          aquarium_pool_four, nicolae_titane
D:3:      minmay_chambers_of_twos, layout_basic,
          mainiacjoe_overflow_six_doors_small,
          nicolae_ru_great_annihilating_truth, mainiacjoe_overflow_brackets,
          mainiacjoe_overflow_paths, minmay_goblin_kobold_house, uniq_robin

Skill      XL: |  1  2  3  4 |
---------------+-------------+-----
Evocations     | 1 |  1.9
Shields        | 1 |  1.8
Fighting       | 2 |  2.2
Dodging        | |  2.8
Unarmed Combat | |  3.6
Shapeshifting  | |  3.5

Action                     |  1- 3 |  4- 6 || total
---------------------------+-------+-------++-------
  Melee: Unarmed           |    37 |    75 ||   112
         Constrict         |     9 |    21 ||    30
         Tentacles         |    10 |    13 ||    23
         Punch             |     2 |     2 ||     4
    Use: Scroll            |     5 |     4 ||     9
         Potion            |     1 |     1 ||     2
   Stab: Sleeping          |     3 |     5 ||     8
 Armour: Skin              |    11 |    37 ||    48
  Dodge: Dodged            |    19 |    68 ||    87
